 Dungeon Crawl Stone Soup version 0.23.2-1-ga50397a (webtiles) character file.

Game seed: 619702926212924049

24125 SidEye the Fighter (level 12, -19/116 HPs)
             Began as a Centaur Hunter on May 10, 2019.
             Was a High Priest of Okawaru.
             Killed from afar by a lindwurm (37 damage)
             ... with a blast of flame
             ... summoned by Kirke
             ... on level 3 of the Lair of Beasts on May 11, 2019.
             The game lasted 01:49:03 (18618 turns).

SidEye the Fighter (Centaur Hunter)                Turns: 18618, Time: 01:49:04

Health: -19/116    AC:  0    Str: 14    XL:     12   Next: 77%
Magic:  14/14      EV: 14    Int: 10    God:    Okawaru [*****.]
Gold:   382        SH:  3    Dex: 16    Spells: 11/11 levels left

rFire    . . .     SeeInvis .   (weapon currently unavailable)
rCold    . . .     Gourm    .   (shield currently unavailable)
rNeg     . . .     Faith    .   (armour currently unavailable)
rPois    .         Spirit   .   (helmet currently unavailable)
rElec    .         Reflect  +   (cloak currently unavailable)
rCorr    .         Harm     .   (gloves currently unavailable)
MR       .....                  (no barding)
Stlth    ++........             h - +3 amulet of reflection
HPRegen  0.29/turn              (ring currently unavailable)
MPRegen  0.14/turn              (ring currently unavailable)

@: pig-form, very quick
A: small
a: Heroism, Finesse, Renounce Religion


You were on level 3 of the Lair of Beasts.
You worshipped Okawaru.
Okawaru was extremely pleased with you.
You were not hungry.
You were a filthy swine.
You visited 3 branches of the dungeon, and saw 16 of its levels.

You collected 632 gold pieces.
You spent 250 gold pieces at shops.

Inventory:

Hand Weapons
 k - a +2 short sword of electrocution
 B - a +4 shortbow
 C - a +4 long sword (melded)
 J - a +1 longbow of freezing
Missiles
 d - 210 arrows
Armour
 a - a +4 centaur barding of fire resistance (melded)
 c - a +0 leather armour
 x - a +0 shield
 H - a +0 cloak (melded)
 I - a +0 ring mail (melded)
 N - a +2 pair of gloves of dexterity (melded)
Jewellery
 h - a +3 amulet of reflection (around neck)
 l - an uncursed amulet of faith
 o - an uncursed ring of positive energy {unknown}
 r - a cursed ring of teleportation {unknown}
 v - a +2 ring of protection (melded)
 G - a +3 ring of intelligence {unknown}
 M - an uncursed ring of ice {unknown}
Wands
 e - a wand of paralysis (4)
 j - a wand of polymorph (16)
 m - a wand of clouds (6)
 p - a wand of scattershot (4)
 y - a wand of flame (9)
 E - a wand of digging (5)
Scrolls
 i - 12 scrolls of remove curse
 n - a scroll of magic mapping
 s - 3 scrolls of identify
 w - a scroll of amnesia {unknown}
 L - a scroll of summoning {unknown}
Potions
 b - a potion of magic {unknown}
 q - 4 potions of lignification
 t - a potion of ambrosia
 z - 2 potions of flight
 A - a potion of might
 D - a potion of cancellation {unknown}
 F - 2 potions of curing
Miscellaneous
 K - a phantom mirror
Comestibles
 f - 11 rations


   Skills:
 * Level 13.9 Fighting
 - Level 4.8(7.9) Short Blades
 - Level 9.7(10.1) Long Blades
 + Level 12.8 Bows
 - Level 4.6 Armour
 - Level 1.3 Dodging
 - Level 0.4 Stealth
 - Level 3.0 Invocations


You had 11 spell levels left.
You didn't know any spells.
Your spell library contained the following spells:

 Spells                   Type           Power        Failure   Level  Hunger
 Corona                   Hex            #......      36%         1    ##.....
 Summon Small Mammal      Summ           #...         36%         1    ##.....
 Call Imp                 Summ           #.......     50%         2    ###....
 Ensorcelled Hibernation  Hex/Ice        #.....       50%         2    ###....
 Call Canine Familiar     Summ           #.......     75%         3    ####...
 Confuse                  Hex            #.......     75%         3    ####...
 Dazzling Spray           Conj/Hex       #.....       75%         3    ####...
 Summon Guardian Golem    Hex/Summ       #.......     75%         3    ####...
 Tukima's Dance           Hex            #.......     75%         3    ####...
 Summon Ice Beast         Ice/Summ       #.......     98%         4    #####..
 Summon Lightning Spire   Summ/Air       #.......     98%         4    #####..


Dungeon Overview and Level Annotations

Branches:
Dungeon (11/15)            Temple (1/1) D:4            Lair (4/6) D:9
 Spider (0/4) Lair:3
  Swamp: Lair:2-4    Shoals: Lair:2-4       Orc: D:9-12

Altars:
Ashenzari
Dithmenos
Fedhas
Hepliaklqana
Kikubaaqudgha
Makhleb
Nemelex Xobeh
Okawaru
Qazlal
Ru
Sif Muna
Trog
Uskayaw
Wu Jian
Xom
Yredelemnul
Zin

Shops:
D:4 !%=   D:7 *

Annotations:
Lair:2 exclusion: 3 oklob plants
Lair:3 Kirke
Lair:4 Sonja


Innate Abilities, Weirdness & Mutations

((You have hooves in place of feet.))
((Armour fits poorly on your strangely shaped body.))
((You cover ground very quickly.))
((You have extremely tough skin. (AC +3)))


Message History

Deactivating autopickup; reactivate with Ctrl-A.
You feel sick. The hog closely misses you. The hog misses you.
The lindwurm breathes flames at you. The blast of flame hits you!!
You feel yourself speed up. The hog bites you!
You feel sick.
You are no longer poisoned.
You see here a yak skeleton.
Things that are here:
a +1 shortbow of velocity; a +1 pair of gloves Something summons a lindwurm!
The lindwurm breathes flames at you. The blast of flame hits you!!!
* * * LOW HITPOINT WARNING * * *
The lindwurm breathes flames at you. The blast of flame hits you!!!
You die...

..#.##..##..# #####.....# #.
............####.##......# #P
....>.......##P..#.#.....## #.
..........................#######
.........#...............#...#..#
.....#...........................
.....+................#.####.....
.....#...#.P...h.......## #...##
.......##...P.##h.+##..# ##..##
...........#>)........## #...##
...........#.÷k........# #....#
.........k{#........#.## ##...#
...........#..k.....#.## #....#
...........#........#..#####...P#
...........##{#.#.#.#....#.......
............k....................
............................#.+##


You could see 3 lindwurms and a hog.

Vanquished Creatures
  Josephine (D:10)
  3 hydras
  A two-headed ogre (D:9)
  Pikel (D:6)
  An oklob plant (Lair:2)
  2 black mambas (Lair:3)
  7 spiny frogs
  A rime drake (Lair:1)
  2 komodo dragons
  4 jumping spiders (Lair:3)
  5 blink frogs (Lair:1)
  A centaur simulacrum (D:10)
  6 hippogriffs
  4 wraiths (D:10)
  A wyvern (Lair:2)
  Eustachio (D:6)
  19 yaks
  A basilisk (Lair:2)
  A hungry ghost (D:9)
  2 hogs
  A human (D:9)
  Grum (Lair:1)
  Edmund (D:6)
  6 water moccasins
  3 porcupines
  2 black bears (D:9)
  2 ice beasts
  7 orc warriors
  An eye of draining (D:9)
  2 sky beasts
  A slave (D:5)
  4 phantoms
  11 ogres
  6 wolves
  4 centaurs
  7 crocodiles
  A big kobold (D:8)
  Blork the orc (D:6)
  11 bullfrogs
  A gnoll sergeant (D:10)
  A wyvern zombie (D:7)
  3 scorpions
  4 killer bees (D:9)
  An electric eel (D:10)
  3 wights (D:8)
  5 crimson imps
  2 quasits
  3 bullfrog skeletons
  3 hounds
  2 jellies
  12 orc priests
  A bullfrog zombie (D:9)
  3 centaur skeletons
  20 orc wizards
  4 iguanas
  13 worker ants
  Robin (D:2)
  7 gnolls
  3 adders
  A shadow imp (D:5)
  A white imp (D:10)
  2 worker ant simulacra (D:10)
  2 oozes
  An adder skeleton (D:6)
  2 worms
  A dart slug (D:3)
  6 leopard geckos
  57 orcs
  2 ball pythons
  9 bats
  8 giant cockroaches
  15 goblins
  12 hobgoblins
  10 jackals
  19 kobolds
  A quokka (D:7)
  5 frilled lizards
  A leopard gecko skeleton (D:5)
  9 rats
392 creatures vanquished.

Vanquished Creatures (others)
  A kobold (D:8)
  7 fungi
  9 plants
17 creatures vanquished.

Grand Total: 409 creatures vanquished

Notes
Turn   | Place    | Note
-------+----------+-------------------------------------------
     0 | D:1      | SidEye the Centaur Hunter began the quest for the Orb.
     0 | D:1      | Reached XP level 1. HP: 17/17 MP: 1/1
   230 | D:1      | Reached XP level 2. HP: 24/24 MP: 2/2
  1087 | D:2      | Reached XP level 3. HP: 29/29 MP: 3/3
  1231 | D:2      | Noticed Robin
  1291 | D:2      | Killed Robin
  1481 | D:2      | Found a deep blue altar of Sif Muna.
  1530 | D:2      | Reached XP level 4. HP: 36/36 MP: 4/4
  2354 | D:3      | Reached XP level 5. HP: 34/41 MP: 5/5
  2770 | D:3      | Found a sparkling altar of Nemelex Xobeh.
  2861 | D:4      | Found Tuproum's Jewellery Shoppe.
  2867 | D:4      | Bought a +2 ring of protection for 100 gold pieces
  3019 | D:4      | Noticed an ogre
  3075 | D:4      | Killed an ogre
  3075 | D:4      | Reached XP level 6. HP: 48/48 MP: 6/6
  3080 | D:4      | Found a staircase to the Ecumenical Temple.
  3327 | Temple   | Entered the Ecumenical Temple
  3363 | Temple   | Became a worshipper of Warmaster Okawaru
  3550 | D:4      | Reached skill level 3 in Fighting
  3568 | D:4      | Found Tuygynto's Distillery.
  3663 | D:4      | Found Kaodd's Food Shop.
  3753 | D:4      | Reached skill level 4 in Fighting
  3753 | D:4      | Reached XP level 7. HP: 59/59 MP: 7/7
  3970 | D:5      | Entered Level 5 of the Dungeon
  4041 | D:5      | Reached skill level 5 in Fighting
  4162 | D:5      | Reached * piety under Okawaru
  4381 | D:5      | Reached skill level 6 in Fighting
  4884 | D:6      | Reached skill level 7 in Fighting
  4884 | D:6      | Reached XP level 8. HP: 47/73 MP: 8/8
  5101 | D:6      | Noticed Pikel
  5160 | D:6      | Noticed Edmund
  5226 | D:6      | Killed Edmund
  5359 | D:6      | Reached skill level 8 in Fighting
  5453 | D:6      | Noticed Blork the orc
  5459 | D:6      | Killed Blork the orc
  5459 | D:6      | Reached ** piety under Okawaru
  5586 | D:6      | Killed Pikel
  5586 | D:6      | Reached skill level 9 in Fighting
  5910 | D:6      | Reached skill level 10 in Fighting
  5910 | D:6      | Reached XP level 9. HP: 85/85 MP: 9/9
  5933 | D:6      | Noticed Eustachio
  5944 | D:6      | Killed Eustachio
  6025 | D:7      | Reached skill level 10 in Bows
  6080 | D:6      | Reached skill level 1 in Invocations
  6611 | D:7      | Reached *** piety under Okawaru
  6657 | D:7      | Found a shattered altar of Ashenzari.
  6707 | D:7      | Reached skill level 11 in Fighting
  6909 | D:7      | Found a shimmering altar of Xom.
  6909 | D:7      | Found a stormy altar of Qazlal.
  6915 | D:7      | Found a basalt altar of Yredelemnul.
  6915 | D:7      | Found an ancient bone altar of Kikubaaqudgha.
  6915 | D:7      | Found a bloodstained altar of Trog.
  6969 | D:7      | Reached skill level 1 in Short Blades
  7055 | D:7      | Found Huironin's Assorted Antiques.
  7071 | D:7      | Bought a runed shortbow for 150 gold pieces
  7139 | D:7      | Found a hazy altar of Hepliaklqana.
  7684 | D:8      | Reached **** piety under Okawaru
  7724 | D:8      | Reached XP level 10. HP: 88/95 MP: 12/12
  7860 | D:8      | Found a burning altar of Makhleb.
  8053 | D:9      | Reached skill level 1 in Long Blades
  8582 | D:10     | Entered Level 10 of the Dungeon
  8934 | D:9      | Noticed a two-headed ogre
  8981 | D:9      | Killed a two-headed ogre
  8981 | D:9      | Reached skill level 5 in Long Blades
  9078 | D:9      | Found a staircase to the Lair.
 10810 | D:9      | Identified a scroll of acquirement
 10883 | D:10     | Reached ***** piety under Okawaru
 10899 | D:10     | Reached skill level 1 in Armour
 11105 | D:10     | Received a gift from Okawaru
 11244 | D:10     | Noticed Josephine
 11253 | D:10     | Killed Josephine
 11253 | D:10     | Reached XP level 11. HP: 61/102 MP: 10/13
 11614 | D:10     | Received a gift from Okawaru
 11890 | D:10     | Received a gift from Okawaru
 11994 | D:10     | Found a sacrificial altar of Ru.
 12820 | D:11     | Received a gift from Okawaru
 12976 | D:11     | Noticed a six-headed hydra
 13313 | Lair:1   | Entered Level 1 of the Lair of Beasts
 13566 | Lair:1   | Noticed a four-headed hydra
 13599 | Lair:1   | Killed a four-headed hydra
 13952 | Lair:1   | Noticed Grum
 14000 | Lair:1   | Killed Grum
 14349 | Lair:1   | Received a gift from Okawaru
 14537 | Lair:1   | Reached XP level 12. HP: 77/112 MP: 14/14
 14544 | Lair:1   | Reached skill level 12 in Fighting
 15373 | Lair:2   | Reached ****** piety under Okawaru
 15507 | Lair:2   | Noticed an eight-headed hydra
 15544 | Lair:2   | Received a gift from Okawaru
 15561 | Lair:2   | Killed an eight-headed hydra
 15908 | Lair:2   | Received a gift from Okawaru
 16188 | Lair:2   | Found a hide-covered altar of Uskayaw.
 16916 | Lair:3   | Reached skill level 13 in Fighting
 17057 | Lair:3   | Noticed a six-headed hydra
 17082 | Lair:3   | Killed a six-headed hydra
 17512 | Lair:3   | Found a hole to the Spider Nest.
 18081 | Lair:3   | Received a gift from Okawaru
 18453 | Lair:4   | Noticed Kirke
 18463 | Lair:4   | Noticed Sonja
 18618 | Lair:3   | Killed from afar by a lindwurm

Skill      XL: |  1  2  3  4  5  6  7  8  9 10 11 12 |
---------------+-------------------------------------+-----
Bows           | 6 7 8 9 10 11 12 | 12.8
Fighting       | 4 7 10 11 13 | 13.9
Invocations    | 3 |  3.0
Short Blades   | 4 |  4.8
Long Blades    | 7 9 |  9.7
Armour         | 2 4 |  4.6
Dodging        | |  1.3
Stealth        | |  0.4

Action                   |  1- 3 |  4- 6 |  7- 9 | 10-12 || total
-------------------------+-------+-------+-------+-------++-------
Melee: Long sword        |       |       |       |   375 ||   375
       Kick              |       |       |       |   119 ||   119
       Punch             |       |       |       |     1 ||     1
       Short sword       |       |       |       |     3 ||     3
 Fire: Shortbow          |   132 |   196 |   531 |   668 ||  1527
       Longbow           |       |       |       |    54 ||    54
Invok: Heroism           |       |       |       |     3 ||     3
       Finesse           |       |       |       |     1 ||     1
Evoke: Wand              |       |       |     4 |     1 ||     5
  Use: Potion            |     2 |     1 |     8 |    10 ||    21
       Scroll            |     1 |     3 |    10 |    18 ||    32
  Eat: Ration            |       |     2 |     2 |     8 ||    12
       Chunk             |       |     1 |       |     2 ||     3
Armor: Leather armour    |    19 |    24 |    31 |    49 ||   123
       Ring mail         |       |       |       |   306 ||   306
Dodge: Dodged            |    13 |    16 |    57 |   205 ||   291
Block: Other             |       |     1 |    23 |    59 ||    83
       Reflection        |       |       |     3 |     2 ||     5
       Shield            |       |       |       |     1 ||     1
       Rpst.: Long sword |       |       |       |    32 ||    32
